TOP OF THE 1ST |
Scottsdale Scorpions batting - Pitching for Savannah Hogs : RHP Ubaldo Tavaia
|
Pitching: RHP Ubaldo Tavaia
|
|
Batting: RHB Ricardo Gutiérrez
|
0-0: Called Strike 0-1: Ball 1-1: Foul Ball, location: 2F 1-2: Ball 2-2: Fly out, F9 (Flyball, 89S)
|
Batting: RHB David Suarze
|
0-0: Ball 1-0: Ball 2-0: Ball 3-0: Called Strike 3-1: SINGLE (Groundball, 6)
|
Batting: LHB Claudio Rodríguez
|
0-0: Called Strike David Suarze steals 2nd base 0-1: Ball David Suarze steals 3rd base 1-1: Fly out, F4 (Popup, 3D)
|
Batting: RHB Gary Thomas
|
0-0: Called Strike 0-1: Ball 1-1: Ground out U3 (Groundball, 3)
|
Top of the 1st over - 0 run(s), 1 hit(s), 0 error(s), 1 left on base; Scottsdale 0 - Savannah 0 |
BOTTOM OF THE 1ST |
Savannah Hogs batting - Pitching for Scottsdale Scorpions : RHP Manny Silva
|
Pitching: RHP Manny Silva
|
|
Batting: RHB Anastasio Movonda
|
0-0: Called Strike 0-1: Ball 1-1: Swinging Strike 1-2: Ball 2-2: Ball 3-2: Foul Ball, location: 2F 3-2: Foul Ball, location: 2F 3-2: Foul Ball, location: 2F 3-2: SINGLE (Line Drive, 34D)
|
Batting: LHB Jim Clemente
|
0-0: Ball Anastasio Movonda steals 2nd base 1-0: Ball 2-0: Foul Ball, location: 2F 2-1: Called Strike 2-2: Ball 3-2: Foul Ball, location: 2F 3-2: Base on Balls
|
Batting: LHB Ramón Morales
|
0-0: Foul Ball, location: 2F 0-1: Ball 1-1: Swinging Strike 1-2: Foul Ball, location: 2F 1-2: Strikes out looking
|
Batting: RHB Sergio Moreno
|
0-0: SINGLE (Line Drive, 89S) Anastasio Movonda to third Jim Clemente to second Runner from 3rd tries for Home, SAFE, throw made home
|
Batting: RHB Remi Eruzione
|
0-0: Ball 1-0: Ball 2-0: Foul Ball, location: 2F 2-1: Ball 3-1: Swinging Strike 3-2: Strikes out swinging
|
Batting: LHB Pedro Medine
|
0-0: Ball 1-0: Called Strike 1-1: Foul Ball, location: 2F 1-2: DOUBLE (Line Drive, 78D) Jim Clemente scores Sergio Moreno to third
|
Batting: LHB Ivan Costello
|
0-0: Ball 1-0: Foul Ball, location: 2F 1-1: Foul Ball, location: 2F 1-2: Ground out 1-3 (Groundball, 25)
|
Bottom of the 1st over - 2 run(s), 3 hit(s), 0 error(s), 2 left on base; Scottsdale 0 - Savannah 2 |
TOP OF THE 2ND |
Scottsdale Scorpions batting - Pitching for Savannah Hogs : RHP Ubaldo Tavaia
|
Batting: RHB Cristián Román
|
0-0: Ball 1-0: Foul Ball, location: 2F 1-1: SINGLE (Flyball, 8RS)
|
Batting: LHB José Garza
|
0-0: Swinging Strike 0-1: Grounds into double play, 6-4-3 (Groundball, 6M)
|
Batting: LHB Justin Holland
|
0-0: Ball 1-0: SINGLE (Flyball, 78S)
|
Batting: RHB Felipe Domínguez
|
0-0: Foul Ball, location: 2F 0-1: Foul Ball, location: 2F 0-2: Foul Ball, location: 2F 0-2: Strikes out swinging
|
Top of the 2nd over - 0 run(s), 2 hit(s), 0 error(s), 1 left on base; Scottsdale 0 - Savannah 2 |
BOTTOM OF THE 2ND |
Savannah Hogs batting - Pitching for Scottsdale Scorpions : RHP Manny Silva
|
Batting: RHB Miguel Toro
|
0-0: Foul Ball, location: 2F 0-1: Called Strike 0-2: Foul Ball, location: 2F 0-2: Strikes out swinging
|
Batting: RHB Ernesto Gómez
|
0-0: Ball 1-0: Called Strike 1-1: Swinging Strike 1-2: Strikes out swinging
|
Batting: RHB Anastasio Movonda
|
0-0: Called Strike 0-1: Foul Ball, location: 2F 0-2: Strikes out swinging
|
Bottom of the 2nd over - 0 run(s), 0 hit(s), 0 error(s), 0 left on base; Scottsdale 0 - Savannah 2 |
TOP OF THE 3RD |
Scottsdale Scorpions batting - Pitching for Savannah Hogs : RHP Ubaldo Tavaia
|
Batting: LHB Alberto Roberts
|
0-0: Ball 1-0: Ball 2-0: Ball 3-0: Called Strike 3-1: Foul Ball, location: 2F 3-2: SINGLE (Line Drive, 34D)
|
Batting: RHB Ricardo Gutiérrez
|
0-0: Ball 1-0: Ball 2-0: Ball 3-0: Called Strike 3-1: Base on Balls Alberto Roberts to second
|
Batting: RHB David Suarze
|
0-0: Called Strike 0-1: Ball 1-1: Foul Ball, location: 2F 1-2: Foul Ball, location: 2F 1-2: Fielders Choice at 2nd, 6-4 (Groundball, 56) Alberto Roberts to third
|
Batting: LHB Claudio Rodríguez
|
0-0: Ball 1-0: Foul Ball, location: 2F 1-1: Ball 2-1: Ball 3-1: Base on Balls David Suarze to second
|
Batting: RHB Gary Thomas
|
0-0: Ball 1-0: Foul Ball, location: 2F 1-1: Swinging Strike 1-2: Foul Ball, location: 2F 1-2: Foul Ball, location: 2F 1-2: Strikes out swinging
|
Batting: RHB Cristián Román
|
0-0: Called Strike 0-1: Foul Ball, location: 2F 0-2: Ball 1-2: Ball 2-2: Ball 3-2: Fly out, F8 (Flyball, 8LM)
|
Top of the 3rd over - 0 run(s), 1 hit(s), 0 error(s), 3 left on base; Scottsdale 0 - Savannah 2 |
BOTTOM OF THE 3RD |
Savannah Hogs batting - Pitching for Scottsdale Scorpions : RHP Manny Silva
|
Batting: LHB Jim Clemente
|
0-0: Called Strike 0-1: Foul Ball, location: 2F 0-2: Foul Ball, location: 2F 0-2: Strikes out swinging
|
Batting: LHB Ramón Morales
|
0-0: Ball 1-0: Ball 2-0: Ball 3-0: Base on Balls
|
Batting: RHB Sergio Moreno
|
0-0: Ball 1-0: Ball 2-0: Foul Ball, location: 2F 2-1: Ball 3-1: Fly out, F4 (Popup, 3L)
|
Batting: RHB Remi Eruzione
|
0-0: Ball 1-0: Foul Ball, location: 2F 1-1: Called Strike 1-2: Foul Ball, location: 2F 1-2: Ball 2-2: Strikes out swinging
|
Bottom of the 3rd over - 0 run(s), 0 hit(s), 0 error(s), 1 left on base; Scottsdale 0 - Savannah 2 |
TOP OF THE 4TH |
Scottsdale Scorpions batting - Pitching for Savannah Hogs : RHP Ubaldo Tavaia
|
Batting: LHB José Garza
|
0-0: Called Strike 0-1: Ball 1-1: Called Strike 1-2: TRIPLE (Line Drive, 34D)
|
Batting: LHB Justin Holland
|
0-0: SINGLE (Line Drive, 78S) José Garza scores
|
Batting: RHB Felipe Domínguez
|
0-0: Ball 1-0: Ball 2-0: Called Strike 2-1: Foul Ball, location: 2F 2-2: Ball 3-2: Grounds into double play, 6-4-3 (Groundball, 6)
|
Batting: LHB Alberto Roberts
|
0-0: Ball 1-0: SINGLE (Line Drive, 4MD)
|
Batting: RHB Ricardo Gutiérrez
|
0-0: Called Strike 0-1: Ball Alberto Roberts steals 2nd base 1-1: Fly out, F7 (Flyball, 7S)
|
Top of the 4th over - 1 run(s), 3 hit(s), 0 error(s), 1 left on base; Scottsdale 1 - Savannah 2 |
BOTTOM OF THE 4TH |
Savannah Hogs batting - Pitching for Scottsdale Scorpions : RHP Manny Silva
|
Batting: LHB Pedro Medine
|
0-0: Ball 1-0: Foul Ball, location: 2F 1-1: Ball 2-1: Foul Ball, location: 2F 2-2: Strikes out looking
|
Batting: LHB Ivan Costello
|
0-0: Foul Ball, location: 2F 0-1: Foul Ball, location: 2F 0-2: Ball 1-2: SINGLE (Groundball, 34D)
|
Batting: RHB Miguel Toro
|
0-0: Grounds into double play, 6-4-3 (Groundball, 56)
|
Bottom of the 4th over - 0 run(s), 1 hit(s), 0 error(s), 0 left on base; Scottsdale 1 - Savannah 2 |
TOP OF THE 5TH |
Scottsdale Scorpions batting - Pitching for Savannah Hogs : RHP Ubaldo Tavaia
|
Batting: RHB David Suarze
|
0-0: Fly out, F7 (Flyball, 7LD)
|
Batting: LHB Claudio Rodríguez
|
0-0: Ball 1-0: Foul Ball, location: 2F 1-1: Ground out 6-3 (Groundball, 6M)
|
Batting: RHB Gary Thomas
|
0-0: Called Strike 0-1: SINGLE (Flyball, 89S)
|
Batting: RHB Cristián Román
|
0-0: Called Strike 0-1: Foul Ball, location: 2F 0-2: Foul Ball, location: 2F 0-2: Ball 1-2: Ball 2-2: Strikes out swinging
|
Top of the 5th over - 0 run(s), 1 hit(s), 0 error(s), 1 left on base; Scottsdale 1 - Savannah 2 |
BOTTOM OF THE 5TH |
Savannah Hogs batting - Pitching for Scottsdale Scorpions : RHP Manny Silva
|
Batting: RHB Ernesto Gómez
|
0-0: Ball 1-0: Swinging Strike 1-1: Ball 2-1: Swinging Strike 2-2: Strikes out swinging
|
Batting: RHB Anastasio Movonda
|
0-0: Ball 1-0: Swinging Strike 1-1: Fly out, F9 (Flyball, 9M)
|
Batting: LHB Jim Clemente
|
0-0: Ball 1-0: Ball 2-0: Swinging Strike 2-1: Called Strike 2-2: SINGLE (Flyball, 7S)
|
Pitching: LHP Gerardo Cortéz
|
|
Batting: LHB Ramón Morales
|
0-0: Foul Ball, location: 2F 0-1: DOUBLE (Flyball, 89M) Jim Clemente to third Runner from 3rd tries for Home, throw and OUT!
|
Bottom of the 5th over - 0 run(s), 2 hit(s), 0 error(s), 1 left on base; Scottsdale 1 - Savannah 2 |
TOP OF THE 6TH |
Scottsdale Scorpions batting - Pitching for Savannah Hogs : RHP Ubaldo Tavaia
|
Pitching: LHP Miguel Valentín
|
|
Batting: LHB José Garza
|
0-0: Hit by Pitch
|
Batting: LHB Justin Holland
|
0-0: Ball 1-0: Ball 2-0: Foul Ball, location: 2F 2-1: Swinging Strike 2-2: Strikes out swinging
|
Batting: RHB Felipe Domínguez
|
0-0: Ball 1-0: Ball 2-0: Foul Ball, location: 2F 2-1: Foul Ball, location: 2F 2-2: Strikes out swinging
|
Batting: LHB Alberto Roberts
|
0-0: Ball 1-0: TRIPLE (Flyball, 8RM) José Garza scores
|
Batting: RHB Ricardo Gutiérrez
|
0-0: Foul Ball, location: 2F 0-1: Ground out 6-3 (Groundball, 6)
|
Top of the 6th over - 1 run(s), 1 hit(s), 0 error(s), 1 left on base; Scottsdale 2 - Savannah 2 |
BOTTOM OF THE 6TH |
Savannah Hogs batting - Pitching for Scottsdale Scorpions : LHP Gerardo Cortéz
|
Batting: RHB Sergio Moreno
|
0-0: Swinging Strike 0-1: Ball 1-1: Ball 2-1: Foul Ball, location: 2F 2-2: Strikes out swinging
|
Batting: RHB Remi Eruzione
|
0-0: Ball 1-0: Fly out, F9 (Flyball, 9M)
|
Batting: LHB Pedro Medine
|
0-0: Called Strike 0-1: Foul Ball, location: 2F 0-2: Foul Ball, location: 2F 0-2: Ball 1-2: Strikes out swinging
|
Bottom of the 6th over - 0 run(s), 0 hit(s), 0 error(s), 0 left on base; Scottsdale 2 - Savannah 2 |
TOP OF THE 7TH |
Scottsdale Scorpions batting - Pitching for Savannah Hogs : LHP Miguel Valentín
|
Pitching: RHP Ramón Martínez
|
|
Batting: RHB David Suarze
|
0-0: Called Strike 0-1: Foul Ball, location: 2F 0-2: Strikes out looking
|
Batting: LHB Claudio Rodríguez
|
0-0: Called Strike 0-1: Foul Ball, location: 2F 0-2: Ball 1-2: Foul Ball, location: 2F 1-2: Fly out, F8 (Flyball, 8LM)
|
Batting: RHB Gary Thomas
|
0-0: Foul Ball, location: 2F 0-1: Ball 1-1: Foul Ball, location: 2F 1-2: Foul Ball, location: 2F 1-2: Strikes out swinging
|
Top of the 7th over - 0 run(s), 0 hit(s), 0 error(s), 0 left on base; Scottsdale 2 - Savannah 2 |
BOTTOM OF THE 7TH |
Savannah Hogs batting - Pitching for Scottsdale Scorpions : LHP Gerardo Cortéz
|
Batting: LHB Ivan Costello
|
0-0: Called Strike 0-1: SINGLE (Groundball, 5S) (infield hit)
|
Pinch Runner at 1st Guillermo González:
|
|
Batting: RHB Miguel Toro
|
0-0: Ball 1-0: Foul Ball, location: 2F 1-1: Ball 2-1: Swinging Strike 2-2: Strikes out looking
|
Batting: RHB Ernesto Gómez
|
0-0: Called Strike 0-1: Called Strike 0-2: Ball 1-2: Foul Ball, location: 2F 1-2: Ground out U3 (Groundball, 3) Guillermo González to second
|
Batting: RHB Anastasio Movonda
|
0-0: Ball 1-0: Foul Ball, location: 2F 1-1: Ball 2-1: Ball 3-1: Base on Balls
|
Pinch Hitting: RHB Javier Músquez
|
0-0: Foul Ball, location: 2F 0-1: Swinging Strike 0-2: Ground out 4-3 (Groundball, 4)
|
Bottom of the 7th over - 0 run(s), 1 hit(s), 0 error(s), 2 left on base; Scottsdale 2 - Savannah 2 |
TOP OF THE 8TH |
Scottsdale Scorpions batting - Pitching for Savannah Hogs : RHP Ramón Martínez
|
Pitching: RHP Jorge Durán
|
|
Now in LF: Javier Músquez
|
|
Now in CF: Guillermo González
|
|
Batting: RHB Cristián Román
|
0-0: Foul Ball, location: 2F 0-1: Ball 1-1: Ball 2-1: Foul Ball, location: 2F 2-2: Fly out, F9 (Flyball, 89M)
|
Batting: LHB José Garza
|
0-0: Ball 1-0: Called Strike 1-1: Fly out, F6 (Popup, 6D)
|
Pinch Hitting: SHB Juan Gonzáles
|
0-0: Fly out, F7 (Flyball, 78M)
|
Top of the 8th over - 0 run(s), 0 hit(s), 0 error(s), 0 left on base; Scottsdale 2 - Savannah 2 |
BOTTOM OF THE 8TH |
Savannah Hogs batting - Pitching for Scottsdale Scorpions : LHP Gerardo Cortéz
|
Now at 3B: Juan Gonzáles
|
|
Batting: LHB Ramón Morales
|
0-0: Ball 1-0: Ball 2-0: Ball 3-0: Called Strike 3-1: Swinging Strike 3-2: TRIPLE (Flyball, 8RM)
|
Batting: RHB Sergio Moreno
|
0-0: Intentional Walk
|
Pitching: RHP John Field
|
|
Pinch Hitting: LHB Juan Delgado
|
0-0: Ball Reached via error on a dropped throw, E1 Ramón Morales scores Sergio Moreno to second
|
Pinch Runner at 2nd Júlio Macías:
|
|
Batting: LHB Pedro Medine
|
0-0: Ball 1-0: Ball 2-0: Ball 3-0: Base on Balls Júlio Macías to third Juan Delgado to second
|
Pinch Hitting: RHB Júlio Peña
|
0-0: Ball 1-0: Called Strike 1-1: Foul Ball, location: 2F 1-2: Foul Ball, location: 2F 1-2: Foul Ball, location: 2F 1-2: Fly out, F8 (Flyball, 8LM) Runner from 3rd tags up, SCORES, no throw
|
Batting: RHB Miguel Toro
|
0-0: Ball 1-0: Ball 2-0: SINGLE (Line Drive, 8RS) Juan Delgado to third Pedro Medine to second Runner from 3rd tries for Home, SAFE, no throw or cutoff
|
Batting: RHB Ernesto Gómez
|
0-0: Ball 1-0: Ground out 5-3 (Groundball, 5S) Pedro Medine to third Miguel Toro to second
|
Batting: RHB Anastasio Movonda
|
0-0: Called Strike 0-1: Ball 1-1: Foul Ball, location: 2F 1-2: Ball 2-2: Ground out 4-3 (Groundball, 4)
|
Bottom of the 8th over - 3 run(s), 2 hit(s), 1 error(s), 2 left on base; Scottsdale 2 - Savannah 5 |
TOP OF THE 9TH |
Scottsdale Scorpions batting - Pitching for Savannah Hogs : RHP Jorge Durán
|
Pitching: RHP Álex Solano
|
|
Now at SS: Ignacio Rangel
|
|
Now in LF: Juan Delgado
|
|
Batting: RHB Felipe Domínguez
|
0-0: Ball 1-0: Called Strike 1-1: Foul Ball, location: 2F 1-2: Strikes out swinging
|
Batting: LHB Alberto Roberts
|
0-0: Ball 1-0: Foul Ball, location: 2F 1-1: Called Strike 1-2: Ball 2-2: Strikes out looking
|
Batting: RHB Ricardo Gutiérrez
|
0-0: Foul Ball, location: 2F 0-1: Ground out 6-3 (Groundball, 6M)
|
Top of the 9th over - 0 run(s), 0 hit(s), 0 error(s), 0 left on base; Scottsdale 2 - Savannah 5 |
|